 Dungeon Crawl Stone Soup version 0.28.0-47-ge53b351184 (webtiles) character file.

Game seed: 13473118602334060207

65 hawla the Digger (level 3, 0/14 HPs)
             Began as a Felid Earth Elementalist on May 8, 2022.
             Succumbed to an adder's poison
             ... on level 2 of the Dungeon.
             The game lasted 00:05:37 (2737 turns).

hawla the Digger (Felid Earth Elementalist)         Turns: 2737, Time: 00:05:37

Health: 0/14       AC:  1    Str:  4    XL:     3   Next: 94%
Magic:  1/7        EV: 17    Int: 18    God:
Gold:   34         SH:  0    Dex: 16    Spells: 3/7 levels left
                                        Lives:  0   Deaths: 0

rFire   . . .      SeeInvis +   (weapon unavailable)
rCold   . . .      Faith    .   (shield unavailable)
rNeg    . . .      Spirit   .   (armour unavailable)
rPois   .          Reflect  .   (helmet unavailable)
rElec   .          Harm     .   (cloak unavailable)
rCorr   .          Rampage  .   (gloves unavailable)
Will    .....                   (boots unavailable)
Stlth   ++........              (no amulet)
HPRegen 0.04/turn               c - ring of wizardry
MPRegen 0.10/turn               (no ring)

@: lethally poisoned (0 -> -4), quick
A: very small, claws 1, fangs 3, see invisible, speed 1, shaggy fur 1, stealthy
paws, no weapons or thrown items, no armour, multi-lived
a: no special abilities


You were on level 2 of the Dungeon.
You visited 1 branch of the dungeon, and saw 2 of its levels.

You collected 34 gold pieces.

Inventory:

Missiles
 b - 83 stones
Jewellery
 c - a ring of wizardry (left paw)
Scrolls
 d - a scroll of fog {unknown}
Potions
 a - a potion of curing {unknown}
 e - a potion of brilliance {unknown}
 f - a potion of ambrosia {unknown}
 g - a potion of degeneration {unknown}
 h - a potion of flight {unknown}


   Skills:
 + Level 0.1 Fighting
 + Level 2.8 Dodging
 + Level 2.8 Stealth
 + Level 0.4 Unarmed Combat
 + Level 2.5 Spellcasting
 + Level 0.3 Conjurations
 + Level 1.1 Transmutations
 + Level 3.8 Earth Magic


You had 3 spell levels left.
You knew the following spells:

 Your Spells              Type           Power      Damage    Failure   Level
a - Sandblast             Erth           32%        2d9       1%          1
b - Stone Arrow           Conj/Erth      18%        3d8       9%          3

Your spell library contained the following spells:

 Spells                   Type           Power      Damage    Failure   Level
 Passwall                 Tmut/Erth      9%         N/A       4%          2
 Petrify                  Tmut/Erth      11%        N/A       24%         4


Dungeon Overview and Level Annotations

Branches:
Dungeon (2/15)

Altars:


Innate Abilities, Weirdness & Mutations

You have sharp claws.
You have razor-sharp teeth.
You have supernaturally acute eyesight. (SInv)
You cover ground quickly. (Speed+)
You are covered in fur. (AC +1)
Your paws help you pounce on unaware monsters.
You are incapable of wielding weapons or throwing items.
You cannot wear armour.
You gain extra lives every three experience levels.


Message History

Press: ? - help, Shift-Dir - straight line, f/p - adder
Aim: an adder (66% to hit)
The blast of sand hits the adder!
The adder is severely wounded.
The adder bites you.
Casting: Sandblast (safe; 1% risk of failure)
Confirm with . or Enter, or press ? or * to list all spells.
Aiming: Sandblast (safe; 1% risk of failure)
Press: ? - help, Shift-Dir - straight line, f/p - adder
Aim: an adder (severely wounded, 66% to hit)
The blast of sand hits the adder.
The adder is almost dead.
The adder closely misses you.
Casting: Sandblast (safe; 1% risk of failure)
Confirm with . or Enter, or press ? or * to list all spells.
Aiming: Sandblast (safe; 1% risk of failure)
Press: ? - help, Shift-Dir - straight line, f/p - adder
Aim: an adder (almost dead, 66% to hit)
The blast of sand misses the adder.
The adder misses you. The adder barely misses you.
Your magical contamination has completely faded away.
Casting: Sandblast (safe; 1% risk of failure)
Confirm with . or Enter, or press ? or * to list all spells.
Aiming: Sandblast (safe; 1% risk of failure)
Press: ? - help, Shift-Dir - straight line, f/p - adder
Aim: an adder (almost dead, 66% to hit)
You miscast Sandblast.
You are very lightly contaminated with residual magic.
Nothing appears to happen.
The adder barely misses you. The adder bites you.
You are lethally poisoned!
The adder poisons you!
* * * LOW HITPOINT WARNING * * *
You feel sick.
* * * LOW HITPOINT WARNING * * *
You feel sick.
Your magical contamination has completely faded away.
* * * LOW HITPOINT WARNING * * *
You feel sick.
You die...

##############
#...S.@.......
#..########.##
#..# #######..#
.........# #.#
.........#
#####(###
#.####...# #..
.... ..####...#
#.# #..#
.........####.#
#..#


You could see an adder.

Vanquished Creatures
  Robin (D:2)
  4 ball pythons (D:1)
  4 bats
  3 endoplasms (D:1)
  2 giant cockroaches (D:1)
  7 hobgoblins
  4 jackals (D:1)
  4 quokkas (D:1)
  2 frilled lizards (D:1)
  10 goblins
  2 kobolds (D:1)
  3 rats (D:1)
46 creatures vanquished.

Notes
Turn   | Place    | Note
-------+----------+-------------------------------------------
     0 | D:1      | hawla the Felid Earth Elementalist began the quest for the
                  | Orb.
     0 | D:1      | Reached XP level 1. HP: 7/7 MP: 4/4
   315 | D:1      | Found a faded altar of an unknown god.
   522 | D:1      | Reached skill level 3 in Earth Magic
   616 | D:1      | Reached XP level 2. HP: 11/11 MP: 4/6
  1346 | D:1      | Reached XP level 3. HP: 14/14 MP: 7/7
  1350 | D:1      | Learned a level 3 spell: Stone Arrow
  1583 | D:2      | Noticed Robin
  2572 | D:2      | Killed Robin
  2737 | D:2      | Succumbed to an adder's poison

Illustrated notes

Levels and vault maps discovered:
D:1:      amcnicky_arrival_flooded_fountain, layout_loops_corners,
          dreamdust_ecumenical_altar_angels_and_demons,
          minmay_misc_feat_enclosed
D:2:      layout_loops_ring, basic_altar, uniq_robin

Skill      XL: |  1 |
---------------+----+-----
Earth Magic    | 3 |  3.8
Fighting       | |  0.1
Dodging        | |  2.8
Stealth        | |  2.8
Unarmed Combat | |  0.4
Spellcasting   | |  2.5
Conjurations   | |  0.3
Transmutations | |  1.1

Action                   || total
-------------------------++-------
Melee: Unarmed           ||    30
 Cast: Sandblast         ||    47
       Stone Arrow       ||    10
 Stab: Sleeping          ||     6
       Distracted        ||     1
Armor: Skin              ||     5
Dodge: Dodged            ||    84
